 Dungeon Crawl Stone Soup version 0.31-a0-435-g2c6fae2916 (webtiles) character file.

Game seed: 8271426557021181434

133 rocky1 the Changeling (level 5, -2/39 (40) HPs)
             Began as a Merfolk Shapeshifter on Aug 2, 2023.
             Slain by an orc wizard
             ... wielding a +0 dagger
              (3 damage)
             ... on level 3 of the Dungeon.
             The game lasted 00:04:16 (1840 turns).

rocky1 the Changeling (Merfolk Shapeshifter)        Turns: 1840, Time: 00:04:17

HP:   -2/39 (40)    AC:  2    Str: 15    XL:     5   Next: 16%
MP:   5/5           EV: 13    Int:  9    God:
Gold: 54            SH:  0    Dex: 15    Spells: 4/4 levels left

rFire   . .          .
                       - Unarmed
rCold   . . .        (no shield)
rNeg    . . .        a - +0 animal skin
rPois   .            (helmet currently unavailable)
rElec   .            (cloak currently unavailable)
rCorr   .            (gloves currently unavailable)
SInv    .            (boots currently unavailable)
Will    .....        d - amulet of reflection
Stlth   +            (no ring)
HPRegen 0.26/turn    (no ring)
MPRegen 0.09/turn

%: reflection
@: confused, beast-form, lightly drained
A: beast (slay +3), (nimble swimmer 2), mertail
a: Begin Untransformation


You were on level 3 of the Dungeon.
You were a hulking beast.
You visited 1 branch of the dungeon, and saw 3 of its levels.

You collected 54 gold pieces.

Inventory:

Missiles
 h - 3 poisoned darts
Armour
 a - a +0 animal skin (worn)
Jewellery
 d - an amulet of reflection (around neck)
 l - a ring of wizardry
 n - a ring of positive energy
Talismans
 c - a beast talisman (active)
Scrolls
 e - 2 scrolls of identify {unknown}
 f - a scroll of vulnerability {unknown}
 j - a scroll of noise {unknown}
 k - 2 scrolls of acquirement {unknown}
 m - a scroll of poison {unknown}
Potions
 b - a potion of lignification
 g - a potion of berserk rage {unknown}
 i - a potion of cancellation {unknown}
 o - a potion of attraction {unknown}
 p - a potion of haste {unknown}
 q - a potion of magic {unknown}


   Skills:
 + Level 2.8 Fighting
 + Level 4.1 Dodging
 + Level 4.1 Unarmed Combat
 + Level 4.8 Shapeshifting


You had 4 spell levels left.
You didn't know any spells.
Your spell library contained the following spells:

 Spells                   Type           Power      Damage    Failure   Level
 Sandblast                Erth           0%         2d4       38%         1
 Passwall                 Tmut/Erth      0%         N/A       52%         2
 Stone Arrow              Conj/Erth      0%         3d7       77%         3
 Leda's Liquefaction      Hex/Erth       0%         N/A       99%         4
 Lee's Rapid Deconstruct  Erth           0%         3d4*      100%        5
 Leda's Unmaking          Conj/Erth      0%         9d1       100%        6


Dungeon Overview and Level Annotations

Branches:
Dungeon (3/15)

Altars:
Kikubaaqudgha


Innate Abilities, Weirdness & Mutations

You are a hulking beast.
Your limbs bulge with bestial killing power. (Slay +3)
((You are very nimble when in or above water. (Stealth+, EV+, Speed+++)))
Your lower body shifts to a powerful aquatic tail in water.


Message History

The orc closely misses you.
You closely miss the orc wizard.
The orc wizard is moderately wounded.
The orc wizard points at you and mumbles some strange words.
The puff of flame hits you! The orc hits you with a +0 short sword.
You barely miss the orc wizard.
The orc wizard is moderately wounded.
The orc wizard completely misses you. The orc hits you with a +0 short sword.
* * * LOW HITPOINT WARNING * * *
You hit the orc wizard.
The orc wizard is heavily wounded.
You block the orc wizard's attack. The orc closely misses you.
You closely miss the orc wizard.
The orc wizard is heavily wounded.
The orc wizard points at you and mumbles some strange words.
The magic dart hits you!
* * * LOW HITPOINT WARNING * * *
The orc completely misses you.
You hit the orc wizard. Your punch misses the orc wizard.
The orc wizard is heavily wounded.
The orc wizard barely misses you. The orc barely misses you.
You hit the orc wizard.
The orc wizard is severely wounded.
The orc wizard points at you and mumbles some strange words.
You are confused.
The orc misses you.
You bump into the rock wall.
The orc wizard points at you and mumbles some strange words.
The puff of flame misses you. The orc hits you but does no damage.
You bump into the rock wall.
The orc wizard hits you but does no damage.
The orc hits you but does no damage.
You hit the orc wizard.
The orc wizard is almost dead.
The orc hits you with a +0 short sword.
* * * LOW HITPOINT WARNING * * *
The orc wizard barely misses you.
You're too confused to move!
The orc wizard hits you with a +0 dagger.
You die...

#######.##...........########.
#.....(.......................
#......>....................<.
#........[..#........#########
#........)..#........# #.....
#...........#........# #.....
#...........#........# #.....
#######.###########+## #.....
#.....oh# #....( #######o#
#..... #.# #..... #)# #.....
........# ..... .$......#
......... ####..... #......


You could see an orc wizard and an orc.

Vanquished Creatures
  Terence (D:2)
  5 adders (D:2)
  A worm (D:2)
  5 orcs (D:3)
  6 bats
  3 endoplasms
  A giant cockroach (D:1)
  4 goblins
  4 hobgoblins
  4 jackals (D:2)
  5 kobolds
  3 quokkas
  4 ball pythons
  5 frilled lizards
  2 rats
  A spectral hobgoblin (D:2)
54 creatures vanquished.

Notes
Turn   | Place    | Note
-------+----------+-------------------------------------------
     0 | D:1      | rocky1 the Merfolk Shapeshifter began the quest for the
                  | Orb.
     0 | D:1      | Reached XP level 1. HP: 15/15 MP: 1/1
   129 | D:1      | Reached XP level 2. HP: 20/21 MP: 2/2
   597 | D:2      | Found a faded altar of an unknown god.
   609 | D:2      | Reached XP level 3. HP: 27/27 MP: 3/3
   761 | D:2      | Reached XP level 4. HP: 32/33 MP: 4/4
   979 | D:2      | Noticed Terence
  1001 | D:2      | Killed Terence
  1208 | D:2      | Found an ancient bone altar of Kikubaaqudgha.
  1219 | D:2      | Reached XP level 5. HP: 34/38 MP: 5/5
  1834 | D:3      | HP: 1/39 [orc wizard/magic dart (11)]
  1839 | D:3      | HP: 1/39 [orc/+0 short sword (1)]
  1840 | D:3      | Slain by an orc wizard

Illustrated notes

Levels and vault maps discovered:
D:1:      saegor_arrival_simple_d, layout_basic
D:2:      layout_basic, basic_altar, dreamdust_ecumenical_altar_drowned_temple,
          uniq_terence
D:3:      layout_basic, dk_noncrumbling_3

Skill      XL: |  1  2  3  4 |
---------------+-------------+-----
Dodging        | 3 4 |  4.1
Fighting       | 2 |  2.8
Unarmed Combat | 4 |  4.1
Shapeshifting  | |  4.8

Action                     |  1- 3 |  4- 6 || total
---------------------------+-------+-------++-------
  Melee: Unarmed           |    58 |   105 ||   163
         Punch             |       |     1 ||     1
   Stab: Sleeping          |     1 |     1 ||     2
 Armour: Animal skin       |     5 |     8 ||    13
  Dodge: Dodged            |    34 |    60 ||    94
  Block: Other             |    10 |    16 ||    26
         Reflection        |     1 |       ||     1

Table legend: (Time is in decaauts)
 A = Elapsed time spent in this place.
 B = Non-inter-level travel time spent in this place.
 C = Inter-level travel time spent in this place.
 D = Time resting spent in this place.
 E = Time spent auto-exploring this place.
 F = Levels seen in this place.
 G = Mean time per level.
                   A        B        C        D        E       F      G
               +--------+--------+--------+--------+--------+-----+--------+
         Total |   1820 |   1707 |    113 |      0 |   1356 |   3 |  606.7 |
       Dungeon |   1820 |   1707 |    113 |      0 |   1356 |   3 |  606.7 |
               +--------+--------+--------+--------+--------+-----+--------+

Top non-repeatable levels by time:
     D:2: 1000 daAuts
     D:1: 579 daAuts
     D:3: 240 daAuts
